 Dungeon Crawl Stone Soup version 0.21-a0-225-g207ae17 (webtiles) character file.

597 KristoblXynda the Sneak (level 7, -1/49 HPs)
             Began as a Vampire Gladiator on Aug 28, 2017.
             Was an Initiate of Dithmenos.
             Splashed by a jelly's acid (10 damage)
             ... on level 5 of the Dungeon.
             The game lasted 00:09:32 (4747 turns).

KristoblXynda the Sneak (Vampire Gladiator)         Turns: 4747, Time: 00:09:33

Health: -1/49      AC: -8    Str: 15    XL:     7   Next: 17%
Magic:  5/7        EV: 21    Int: 11    God:    Dithmenos [......]
Gold:   201        SH:  0    Dex: 20    Spells: 6/6 levels left

rFire    . . .     SeeInvis +   (weapon currently unavailable)
rCold    + . .     Gourm    .   (shield currently unavailable)
rNeg     + + .     Faith    .   (armour currently unavailable)
rPois    +         Spirit   .   (helmet currently unavailable)
rElec    .         Reflect  .   (cloak currently unavailable)
rCorr    .         Harm     .   (gloves currently unavailable)
MR       .....                  (boots currently unavailable)
Stlth    ++++++....             (no amulet)
HPRegen  0.08/turn              (ring currently unavailable)
MPRegen  0.10/turn              (ring currently unavailable)

@: bat-form, corroded, flying, regenerating slowly, very quick
A: fangs 3, see invisible
a: End Transformation, Renounce Religion


You were on level 5 of the Dungeon.
You worshipped Dithmenos.
Dithmenos was noncommittal.
You were thirsty.
You were in vampire-bat-form.
You visited 2 branches of the dungeon, and saw 6 of its levels.

You collected 201 gold pieces.

Inventory:

Hand Weapons
 a - a +0 long sword
 m - a +2 dagger of venom
 p - a +2 dagger of pain (melded)
Missiles
 d - 2 throwing nets (quivered)
Armour
 b - a +0 leather armour (melded)
 c - a +1 helmet (melded)
 j - a cursed +0 pair of boots (melded)
Jewellery
 l - a ring of poison resistance (melded)
Wands
 f - a wand of confusion (17/48)
Scrolls
 n - 3 scrolls of remove curse
Potions
 e - 12 potions of blood
 g - a potion of might {unknown}
 h - 2 potions of brilliance {unknown}
 i - 2 potions of curing
 k - a potion of cancellation {unknown}
 o - 2 potions of berserk rage {unknown}
 r - a potion of degeneration {unknown}


   Skills:
 - Level 1.7 Fighting
 + Level 6.3 Long Blades
 - Level 1.5 Throwing
 + Level 2.2 Armour
 - Level 3.2 Dodging
 + Level 6.7 Stealth


You had 6 spell levels left.
You didn't know any spells.

Dungeon Overview and Level Annotations

Branches:
Dungeon (5/15)             Temple (1/1) D:5

Altars:
Ashenzari
Cheibriados
Dithmenos
Elyvilon
Fedhas
Gozag
Hepliaklqana
Kikubaaqudgha
Qazlal
Ru
Sif Muna
Trog
Uskayaw
Vehumet
Wu Jian
Yredelemnul
Zin

Annotations:
D:5 Menkaure


Innate Abilities, Weirdness & Mutations

You heal slowly.
You have razor-sharp teeth.
You have supernaturally acute eyesight. (SInv)
((You can survive without breathing.))


Message History

You hit the jelly.
Your hands burn!
The jelly is moderately wounded.
The jelly hits you but does no damage.
You hit the jelly.
Your hands burn!
The jelly is moderately wounded.
You hit the jelly but do no damage.
Your hands burn!
* * * LOW HITPOINT WARNING * * *
You bite the jelly, but do no damage.
The jelly is moderately wounded.
The jelly hits you but does no damage.
You turn into a vampire bat.
Your +2 dagger of pain melds into your body.
Your +1 helmet melds into your body.
Your cursed +0 pair of boots melds into your body.
Your +0 leather armour melds into your body.
Your ring of poison resistance melds into your body.
The jelly hits you.
* * * LOW HITPOINT WARNING * * *
The acid corrodes you!
You are splashed with acid!
The acid burns!
You die...

⌠..>..⌠..##..#...#...........#
.........##..#...#...........#
##...###.(...#...#...........#
#.⌠.# ####..#...#...........#
#...# #..#...#...........#
##### #..#...#..>........#
#..#...#...........#
#..+..J#...........#
#..#..b#...........+
#..#...###<###+##+##
#..#.........)....
#..#..............
#..#..............
#..############### #..


You could see a jelly.

Vanquished Creatures
  2 ogres
  A bullfrog (D:4)
  A howler monkey (D:5)
  A crimson imp (D:5)
  An orc wizard (D:4)
  A centaur skeleton (D:4)
  A hound (D:5)
  A bullfrog skeleton (D:3)
  2 worker ants
  A hound skeleton (D:5)
  An adder (D:2)
  2 oozes (D:1)
  2 worms
  A dart slug (D:1)
  3 leopard geckos
  6 orcs
  9 bats
  A giant cockroach (D:2)
  3 hobgoblins (D:1)
  14 jackals
  10 kobolds
  A quokka (D:2)
  8 frilled lizards
  10 goblins
  A leopard gecko skeleton (D:4)
  6 rats
90 creatures vanquished.

Vanquished Creatures (others)
  An orc wizard (D:4)
1 creature vanquished.

Grand Total: 91 creatures vanquished

Notes
Turn   | Place    | Note
-------+----------+-------------------------------------------
     0 | D:1      | KristoblXynda the Vampire Gladiator began the quest for the Orb.
     0 | D:1      | Reached XP level 1. HP: 16/16 MP: 1/1
     0 | D:1      | Noticed a formicid
     0 | D:1      | Noticed a felid
     1 | D:1      | Noticed a draconian
     3 | D:1      | Noticed a vine stalker
     7 | D:1      | Noticed a human
    10 | D:1      | Noticed a gargoyle
    12 | D:1      | Noticed an elf
    12 | D:1      | Noticed an elf
    14 | D:1      | Noticed a vine stalker
    14 | D:1      | Noticed a formicid
    16 | D:1      | Noticed a dwarf
    16 | D:1      | Noticed a minotaur
    16 | D:1      | Noticed an ogre
    18 | D:1      | Noticed a dwarf
    18 | D:1      | Noticed a dwarf
    66 | D:1      | Reached skill level 1 in Stealth
    66 | D:1      | Reached XP level 2. HP: 18/22 MP: 2/2
   256 | D:1      | Found a snail-covered altar of Cheibriados.
   439 | D:1      | Reached XP level 3. HP: 27/27 MP: 3/3
  1421 | D:2      | Reached XP level 4. HP: 33/33 MP: 4/4
  1873 | D:3      | Found a glowing silver altar of Zin.
  1873 | D:3      | Noticed an angel
  2559 | D:4      | Noticed a bullfrog
  2561 | D:4      | Killed a bullfrog
  2561 | D:4      | Reached skill level 5 in Long Blades
  2561 | D:4      | Reached XP level 5. HP: 38/38 MP: 5/5
  2653 | D:4      | Noticed a phantom
  3017 | D:4      | Reached skill level 5 in Stealth
  3676 | D:4      | Noticed an ogre
  3711 | D:4      | Reached XP level 6. HP: 40/44 MP: 6/6
  3806 | D:4      | Reached skill level 1 in Armour
  4009 | D:5      | Entered Level 5 of the Dungeon
  4046 | D:5      | Found a staircase to the Ecumenical Temple.
  4055 | Temple   | Entered the Ecumenical Temple
  4210 | Temple   | Became a worshipper of Dithmenos the Shadowed
  4489 | D:5      | Reached XP level 7. HP: 22/49 MP: 7/7
  4595 | D:5      | Noticed Menkaure
  4747 | D:5      | Splashed by a jelly's acid

Vault maps used:
D:1:      shiori_arrival_whats_in_store_for_you, cheibriados_altar_1
D:2:      minmay_misc_feat_rows
D:3:      zin_angel
D:4:      first_bread
D:5:      minmay_temple_entry_junction, uniq_menkaure
Temple:   eino_temple_scatter_basement

Skill      XL: |  1  2  3  4  5  6 |
---------------+-------------------+-----
Stealth        | 1 2 4 5 6 |  6.7
Long Blades    | 4 5 6 |  6.3
Armour         | 2 |  2.2
Fighting       | |  1.7
Throwing       | |  1.5
Dodging        | |  3.2

Action                   |  1- 3 |  4- 6 |  7- 9 || total
-------------------------+-------+-------+-------++-------
Melee: Long sword        |    69 |       |       ||    69
       Bite              |    11 |    22 |     2 ||    35
       Dagger            |    21 |   240 |     8 ||   269
Throw: Throwing net      |       |     1 |       ||     1
 Abil: Bat Form          |       |       |     1 ||     1
Evoke: Wand              |       |     5 |       ||     5
  Use: Scroll            |     3 |     6 |       ||     9
       Potion            |       |    10 |       ||    10
 Stab: Sleeping          |     3 |     4 |       ||     7
       Held in net/web   |       |     1 |       ||     1
Armor: Leather armour    |    21 |    55 |     3 ||    79
Dodge: Dodged            |    83 |   130 |     2 ||   215
       Rpst.: Long sword |    24 |       |       ||    24

Table legend:
 A = Spawn XP
 B = Non-spawn XP
 C = Spawn XP percentage of total XP
 D = Spawn monster count
 E = Non-spawn monster count
 F = Spawn count percentage of total count
 G = Total turns spent on level
                    A         B        C        D         E        F      G
               +---------+---------+-------+---------+---------+-------+---------
         Total |     188 |     665 |  22.0 |      19 |      71 |  21.1 |  4747
               +---------+---------+-------+---------+---------+-------+---------
           D:1 |       8 |      54 |  12.9 |       3 |      28 |   9.7 |   876
           D:2 |       8 |      45 |  15.1 |       6 |      16 |  27.3 |   970
           D:3 |      17 |      53 |  24.3 |       7 |       8 |  46.7 |  1230
           D:4 |     119 |     218 |  35.3 |       2 |       9 |  18.2 |   933
           D:5 |      36 |     295 |  10.9 |       1 |      10 |   9.1 |   565
               +---------+---------+-------+---------+---------+-------+---------
